AoeStats
← zack

Arena

514823948Analyzed
4v4 RM · 26d ago on Oct 19, 2026· 42m 8s· 8 players
Game mode
Random Map
Map size
Large (8 player)
Population
200
Speed
Normal
Resources
Standard
Victory
Conquest
Starting age
Dark Age
Ending age
Imperial Age
RankedLock teamsTeams togetherTeam positionsShared explorationLock speedFull tech treeHidden civsTurbo modeCheats
Victory
Defeat
🇦🇷 Khmer · Argentina
1269
+12
🇨🇳 Danes · China
1254
+13
🇨🇿 Saracens · Czechia
1164
+17
1122
+17
vs
🇨🇳 Wei · China
1214
-16
🇨🇳 Inca · China
1199
-16
🇭🇰 Italians · Hong Kong SAR China
1162
-14
🇨🇳 Vikings · China
1142
-13
knighttm
10:57 Feudal Age
12:17 Double-Bit Axe
14:56 Castle Age
13:25 Horse Collar
16:20 Bow Saw
21:43 Wheelbarrow
22:16 Stone Mining
23:02 Hand Cart
23:52 Gold Mining
24:06 Loom
24:12 Town Watch
26:22 Stone Shaft Mining
29:05 Imperial Age
26:37 Fletching
26:48 Padded Archer Armor
27:10 Ballistics
26:31 Treadmill Crane
27:16 Ballistics
28:40 Fortified Wall
28:44 Town Patrol
28:47 Bodkin Arrow
29:07 Leather Archer Armor
29:08 Light Cavalry
29:29 Elite Skirmisher
30:30 Bloodlines
31:32 Chemistry
31:16 Hussar
31:59 Bracer
32:29 Ring Archer Armor
32:18 Masonry
33:06 Scale Mail Armor
33:43 Conscription
33:34 Scale Barding Armor
33:41 Thumb Ring
34:59 Two-Man Saw
36:50 Guilds
38:09 Chain Barding Armor
39:00 Husbandry
39:39 Plate Barding Armor
zack
11:24 Feudal Age
12:19 Double-Bit Axe
13:29 Horse Collar
14:01 Loom
16:35 Castle Age
15:37 Gold Mining
16:12 Stone Mining
17:53 Bow Saw
17:59 Heavy Plow
18:50 Wheelbarrow
25:12 Hand Cart
25:35 Gold Shaft Mining
26:42 Treadmill Crane
27:56 Stone Shaft Mining
30:18 Imperial Age
27:37 Town Watch
28:00 Padded Archer Armor
30:00 Thumb Ring
29:49 Fletching
30:51 Bloodlines
30:59 Leather Archer Armor
30:41 Bodkin Arrow
31:42 Crop Rotation
31:42 Parthian Tactics
31:24 Scale Barding Armor
31:30 Forging
31:22 Husbandry
30:44 Heavy Hei Guang Cavalry
33:31 Chain Barding Armor
34:57 Conscription
35:14 Coinage
35:39 Iron Casting
35:05 Bracer
35:36 Ring Archer Armor
35:43 Tuntian
37:38 Ming Guang Armor
Longlonglong
12:57 Feudal Age
17:27 Castle Age
15:16 Double-Bit Axe
15:28 Horse Collar
25:30 Bow Saw
26:44 Stone Mining
28:45 Light Cavalry
30:58 Squires
30:18 Pikeman
31:03 Scale Mail Armor
31:14 Forging
36:43 Imperial Age
34:33 Chain Mail Armor
34:53 Iron Casting
36:09 Chieftains
37:33 Heavy Plow
38:08 Conscription
37:21 Elite Berserk
38:35 Elite Varangian Guard
好邻居
2:54 Loom
11:25 Feudal Age
16:33 Castle Age
15:07 Stone Mining
15:04 Double-Bit Axe
15:00 Horse Collar
15:06 Horse Collar
15:44 Gold Mining
17:29 Wheelbarrow
17:35 Bow Saw
17:27 Heavy Plow
21:30 Hand Cart
26:01 Town Watch
31:15 Imperial Age
29:15 Scale Mail Armor
29:26 Forging
30:26 Gold Shaft Mining
30:12 Chain Mail Armor
30:13 Squires
29:34 Champi Runner
31:01 Arson
31:57 Iron Casting
31:23 Champi Warrior
34:13 Plate Mail Armor
Dexma
10:40 Feudal Age
14:21 Castle Age
12:36 Double-Bit Axe
17:07 Wheelbarrow
19:22 Loom
19:29 Town Watch
20:10 Fervor
19:48 Light Cavalry
20:54 Hand Cart
20:36 Horse Collar
24:27 Bow Saw
24:30 Heavy Plow
31:15 Imperial Age
29:30 Bloodlines
30:21 Husbandry
31:27 Scale Barding Armor
32:09 Forging
32:20 Tusk Swords
32:41 Conscription
33:41 Chain Barding Armor
33:27 Gold Mining
33:27 Stone Mining
34:01 Elite Battle Elephant
35:22 Iron Casting
36:28 Town Patrol
37:06 Plate Barding Armor
38:04 Blast Furnace
37:38 Fletching
39:16 Siege Engineers
39:23 Masonry
40:28 Chemistry
40:40 Gold Shaft Mining
41:49 Capped Ram
DetectiveYemitoShumafuk
10:02 Feudal Age
13:48 Castle Age
12:16 Horse Collar
13:11 Double-Bit Axe
22:51 Heavy Plow
23:39 Wheelbarrow
24:03 Loom
24:35 Stone Mining
25:10 Hand Cart
25:14 Gold Mining
27:15 Scale Barding Armor
29:58 Imperial Age
28:05 Forging
28:51 Chain Barding Armor
28:51 Masonry
29:45 Bloodlines
29:36 Husbandry
30:22 Iron Casting
31:16 Plate Barding Armor
31:44 Chemistry
30:07 Elite Mameluke
30:45 Town Watch
31:58 Conscription
39:32 Blast Furnace
39:47 Hoardings
41:07 Siege Engineers
41:51 Counterweights
斩邪留正
9:48 Feudal Age
13:25 Castle Age
11:32 Double-Bit Axe
12:25 Horse Collar
20:37 Wheelbarrow
21:11 Bow Saw
24:32 Loom
25:43 Hand Cart
28:23 Imperial Age
25:41 Town Watch
26:07 Scale Mail Armor
27:01 Gold Mining
27:32 Chain Mail Armor
27:29 Forging
28:05 Squires
27:51 Arson
28:55 Gold Shaft Mining
27:58 Hamask
28:28 Elite Varangian Guard
29:29 Conscription
28:48 Capped Ram
30:54 Plate Mail Armor
31:00 Iron Casting
32:42 Heavy Scorpion
33:31 Pikeman
34:26 Siege Ram
35:42 Ballistics
36:23 Chemistry
35:21 Halberdier
37:32 Blast Furnace
看我如何吊爆你
10:35 Feudal Age
14:41 Castle Age
13:40 Double-Bit Axe
13:37 Horse Collar
15:54 Wheelbarrow
15:53 Bow Saw
15:45 Heavy Plow
15:57 Loom
21:00 Town Watch
24:08 Hand Cart
23:47 Gold Mining
29:33 Imperial Age
28:31 Stone Mining
29:35 Fletching
29:45 Padded Archer Armor
30:00 Masonry
29:34 Treadmill Crane
30:04 Masonry
30:15 Ballistics
29:51 Murder Holes
30:07 Fortified Wall
30:14 Bodkin Arrow
30:34 Thumb Ring
31:10 Elite Rattan Archer
32:37 Bracer
32:53 Leather Archer Armor
33:45 Chemistry
32:56 Elite Skirmisher
33:50 Imperial Skirmisher
36:49 Ring Archer Armor
35:54 Light Cavalry
36:45 Bloodlines
36:43 Scale Barding Armor
36:49 Forging
39:10 Husbandry
39:34 Chain Barding Armor
39:50 Iron Casting
43:12 Plate Barding Armor
Connection lost

Rejoining the realm…

Still unreachable

The connection could not be restored.

Session expired

The server has moved on; the page needs a fresh start.